 Dungeon Crawl Stone Soup version 0.28-a0-862-g58c29a6370 (webtiles) character file.

Game seed: 14391718817400646200

11758 BinkBink the Brawler (level 11, 0/104 HPs)
             Began as a Troll Enchanter on Nov 16, 2021.
             Was a High Priest of Elyvilon.
             Killed from afar by an electric eel (13 damage)
             ... with a bolt of electricity
             ... on level 10 of the Dungeon.
             The game lasted 00:22:22 (8494 turns).

BinkBink the Brawler (Troll Enchanter)              Turns: 8494, Time: 00:22:23

Health: 0/104      AC:  4    Str: 21    XL:     11   Next: 53%
Magic:  15/15      EV:  9    Int: 11    God:    Elyvilon [*****.]
Gold:   355        SH:  0    Dex: 10    Spells: 14/17 levels left

rFire   . . .      SeeInvis .     - Unarmed
rCold   . . .      Faith    .   (no shield)
rNeg    . . .      Spirit   .   b - +0 robe
rPois   .          Reflect  .   (helmet restricted)
rElec   .          Harm     .   (no cloak)
rCorr   .          Rampage  .   (gloves unavailable)
Will    .....                   (boots unavailable)
Stlth   ++........              (no amulet)
HPRegen 1.27/turn               (no ring)
MPRegen 0.14/turn               (no ring)

@: no status effects
A: large, unfitting armour, claws 3, regeneration 1, shaggy fur 1, tough skin 1
a: Renounce Religion, Purification, Heal Other, Heal Self, Divine Vigour


You were on level 10 of the Dungeon.
You worshipped Elyvilon.
Elyvilon was extremely pleased with you.
You visited 1 branch of the dungeon, and saw 12 of its levels.

You collected 536 gold pieces.
You spent 181 gold pieces at shops.

Inventory:

Missiles
 h - 8 throwing nets (quivered)
Armour
 b - a +0 robe (worn)
 y - a +0 crystal plate armour
 C - a +0 animal skin
Jewellery
 r - a ring of positive energy
 t - a ring of flight
 A - an amulet of reflection
 B - a ring of magical power
 F - a +4 ring of evasion
 G - a ring of resist corrosion
Wands
 l - a wand of polymorph (31)
 m - a wand of iceblast (12)
 p - a wand of flame (11)
 v - a wand of mindburst (24)
 J - a wand of acid (12)
Scrolls
 a - 6 scrolls of identify
 c - a scroll of torment {unknown}
 d - 3 scrolls of immolation
 e - 3 scrolls of enchant weapon
 f - a scroll of brand weapon
 g - 2 scrolls of fog
 o - a scroll of noise
 q - 2 scrolls of acquirement {unknown}
 s - 2 scrolls of teleportation
 w - 3 scrolls of enchant armour
 H - 2 scrolls of amnesia {unknown}
Potions
 i - a potion of haste
 j - 2 potions of curing
 k - 3 potions of heal wounds
 n - a potion of attraction {unknown}
 u - 15 potions of degeneration
 x - 2 potions of ambrosia {unknown}
 z - 2 potions of lignification {unknown}
 E - a potion of berserk rage {unknown}
 I - 2 potions of brilliance {unknown}
Miscellaneous
 D - a piece from Xom's chessboard (15/15)


   Skills:
 * Level 5.3 Fighting
 - Level 0.7 Short Blades
 - Level 1.5 Dodging
 - Level 2.0 Stealth
 * Level 15.0 Unarmed Combat
 * Level 3.7 Spellcasting
 * Level 4.4 Hexes


You had 14 spell levels left.
You knew the following spells:

 Your Spells              Type           Power      Damage    Failure   Level
a - Confusing Touch       Hex            11%        N/A       12%         3

Your spell library contained the following spells:

 Spells                   Type           Power      Damage    Failure   Level
 Tukima's Dance           Hex            11%        N/A       12%         3
 Ensorcelled Hibernation  Hex/Ice        12%        N/A       16%         2
 Sandblast                Erth           4%         2d4       24%         1
 Dazzling Flash           Conj/Hex       12%        N/A       30%         3
 Summon Guardian Golem    Hex/Summ       6%         N/A       30%         3
 Passwall                 Tmut/Erth      1%         N/A       36%         2
 Sublimation of Blood     Necr           2%         N/A       36%         2
 Conjure Flame            Conj/Fire      2%         6-21      58%         3
 Ignite Poison            Fire/Tmut/Pois 2%         N/A       58%         3
 Stone Arrow              Conj/Erth      4%         3d7       58%         3
 Animate Armour           Summ/Erth      4%         N/A       94%         4
 Petrify                  Tmut/Erth      2%         N/A       94%         4
 Sticky Flame             Conj/Fire      2%         2d3       94%         4
 Silence                  Hex/Air        3%         N/A       95%         5
 Agony                    Necr           2%         N/A       100%        5
 Blade Hands              Tmut           1%         N/A       100%        5
 Irradiate                Conj/Tmut      1%         3d14      100%        5
 Iron Shot                Conj/Erth      1%         9d1       100%        6
 Orb of Destruction       Conj           1%         N/A       100%        7
 Spellforged Servitor     Conj/Summ      1%         N/A       100%        7


Dungeon Overview and Level Annotations

Branches:
Dungeon (12/15)            Temple (0/1) D:7            Lair (0/6) D:9
    Orc (0/2) D:9

Altars:
Ashenzari
Cheibriados
Dithmenos
Elyvilon
Fedhas
Kikubaaqudgha
Makhleb
Nemelex Xobeh
Ru
Trog
Wu Jian
Xom
Zin

Shops:
D:6 ?   D:10 [[!


Innate Abilities, Weirdness & Mutations

You are too large for most types of armour.
You have claws for hands.
Your natural rate of healing is unusually fast.
You are covered in fur. (AC +1)
You have tough skin. (AC +1)


Message History

Your claws stop glowing.
The orc knight hits you with a +2 battleaxe!
* * * LOW HITPOINT WARNING * * *
Okay, then.
As you read the scroll of fear, it crumbles to dust.
You assume a fearsome visage.
The orc knight looks frightened!
The orc knight starts to cry.
You are too injured to fight recklessly!
You are too injured to fight recklessly!
The orc knight cries, "Oh dear!
Oh dear!"
You closely miss the orc knight.
The orc knight seems to regain its courage.
The orc knight hits you with a +2 battleaxe.
You scratch the orc knight.
The orc knight is lightly wounded.
The orc knight hits you with a +2 battleaxe!
You scratch the orc knight.
The orc knight is lightly wounded.
The orc knight hits you with a +2 battleaxe!!
* * * LOW HITPOINT WARNING * * *
You mangle the orc knight!!
The orc knight is heavily wounded.
The orc knight hits you with a +2 battleaxe!!
Elyvilon protects you from harm!
You barely miss the orc knight.
The orc knight is moderately wounded.
As you read the scroll of teleportation, it crumbles to dust.
You feel strangely unstable.
The orc knight hits you with a +2 battleaxe!
* * * LOW HITPOINT WARNING * * *
Your surroundings suddenly seem different.
The electric eel shoots out a bolt of lightning at you!
The bolt of electricity hits you!
* * * LOW HITPOINT WARNING * * *
The electric eel shoots out a bolt of lightning at you!
The bolt of electricity hits you!
* * * LOW HITPOINT WARNING * * *
The electric eel shoots out a bolt of lightning at you!
The bolt of electricity hits you!
You die...

##.........##
##...........##
##......≈......#
##.....S≈≈≈≈.....
##.....≈≈###≈≈....
##....≈≈## ##≈≈...
#....≈≈## ##≈≈..
+....≈## ##≈..
+@..≈≈# #≈†.
+....≈# #≈..
#.!..≈≈# #≈≈..
##....≈≈# #≈≈...
##.....≈≈ #≈≈(...
#.....≈ ≈≈≈.....
#..... ≈......#
#.... ......## ##.


You could see an electric eel.

Vanquished Creatures
  Harold (D:8)
  A two-headed ogre (D:9)
  A tengu warrior (D:10)
  An orb spider (shapeshifter) (D:10)
  A cyclops (D:11)
  2 centaur zombies (D:10)
  3 kobold demonologists
  A komodo dragon (D:10)
  2 trolls
  2 wraiths
  A wyvern (D:9)
  4 steam dragons
  2 vampire mosquitoes (D:11)
  4 water moccasins
  A swamp drake (D:9)
  8 orc warriors
  A sky beast (D:6)
  A black bear (D:7)
  A necrophage (D:6)
  2 centaurs
  4 ogres
  3 phantoms
  16 kobold brigands
  9 bullfrogs
  5 scorpions
  2 water moccasin zombies
  3 wyvern skeletons
  A water moccasin skeleton (D:5)
  12 wights (D:9)
  An electric eel (D:10)
  2 howler monkeys (D:10)
  A crimson imp (D:6)
  3 hounds
  5 orc priests
  A gnoll shaman (D:9)
  Ijyb (D:4)
  3 iguanas
  9 orc wizards
  A killer bee zombie (D:9)
  2 howler monkey zombies (D:8)
  10 gnolls
  11 adders
  A shadow imp (D:7)
  3 dart slugs
  53 orcs
  7 ball pythons
  7 endoplasms
  3 giant cockroaches
  7 goblins
  7 hobgoblins
  23 jackals
  2 quokkas
  4 bats
  3 frilled lizards
  29 kobolds
  6 rats
300 creatures vanquished.

Vanquished Creatures (others)
  A bush (D:8)
1 creature vanquished.

Grand Total: 301 creatures vanquished

Notes
Turn   | Place    | Note
-------+----------+-------------------------------------------
     0 | D:1      | BinkBink the Troll Enchanter began the quest for the Orb.
     0 | D:1      | Reached XP level 1. HP: 16/16 MP: 1/1
   126 | D:1      | Reached XP level 2. HP: 24/24 MP: 2/2
   373 | D:1      | Reached skill level 1 in Unarmed Combat
   373 | D:1      | Reached XP level 3. HP: 29/32 MP: 4/4
   530 | D:1      | Found a faded altar of an unknown god.
   815 | D:2      | Reached skill level 2 in Unarmed Combat
   927 | D:2      | Reached XP level 4. HP: 34/40 MP: 5/5
   986 | D:2      | Reached skill level 1 in Fighting
   993 | D:2      | Reached skill level 3 in Unarmed Combat
  1247 | D:3      | Reached XP level 5. HP: 48/48 MP: 6/6
  1335 | D:3      | Found a sparkling altar of Nemelex Xobeh.
  1457 | D:3      | Reached skill level 4 in Unarmed Combat
  1751 | D:3      | Learned a level 3 spell: Confusing Touch
  1990 | D:4      | Found a white marble altar of Elyvilon.
  2221 | D:4      | Noticed an ogre
  2227 | D:4      | Killed an ogre
  2228 | D:4      | Reached XP level 6. HP: 28/57 MP: 7/7
  2364 | D:4      | Noticed Ijyb
  2378 | D:4      | Killed Ijyb
  2379 | D:4      | Reached skill level 5 in Unarmed Combat
  2465 | D:4      | Became a worshipper of Elyvilon the Healer
  2502 | D:5      | Entered Level 5 of the Dungeon
  2653 | D:5      | Reached XP level 7. HP: 29/65 MP: 8/8
  2726 | D:5      | Reached skill level 6 in Unarmed Combat
  2825 | D:5      | Reached * piety under Elyvilon
  3085 | D:6      | Reached skill level 7 in Unarmed Combat
  3134 | D:6      | Reached XP level 8. HP: 62/74 MP: 8/10
  3299 | D:6      | Reached skill level 8 in Unarmed Combat
  3445 | D:6      | Found Rafal's Magic Scroll Shoppe.
  3471 | D:6      | Bought a scroll of identify for 22 gold pieces
  3471 | D:6      | Bought a scroll of enchant armour for 82 gold pieces
  3471 | D:6      | Bought a scroll of identify for 22 gold pieces
  3471 | D:6      | Bought a scroll of teleportation for 33 gold pieces
  3471 | D:6      | Bought a scroll of identify for 22 gold pieces
  3525 | D:6      | Reached ** piety under Elyvilon
  3741 | D:6      | Reached skill level 9 in Unarmed Combat
  3751 | D:6      | Found a shimmering altar of Xom.
  3752 | D:6      | Found a burning altar of Makhleb.
  3921 | D:7      | Reached XP level 9. HP: 28/83 MP: 11/11
  4193 | D:7      | Reached skill level 10 in Unarmed Combat
  4587 | D:7      | Found an ornate altar of the Wu Jian Council.
  4841 | D:7      | Found a staircase to the Ecumenical Temple.
  4991 | D:8      | Reached *** piety under Elyvilon
  4996 | D:8      | Noticed a kobold demonologist
  5011 | D:8      | Reached skill level 11 in Unarmed Combat
  5060 | D:8      | Killed a kobold demonologist
  5061 | D:8      | Reached XP level 10. HP: 58/92 MP: 13/13
  5085 | D:8      | Reached skill level 12 in Unarmed Combat
  5181 | D:8      | Noticed Harold
  5198 | D:8      | Killed Harold
  5362 | D:8      | Found a glowing silver altar of Zin.
  5362 | D:8      | Found a broken altar of Ashenzari.
  5407 | D:8      | Found a blossoming altar of Fedhas.
  5491 | D:8      | Found a snail-covered altar of Cheibriados.
  5671 | D:8      | Found a shadowy altar of Dithmenos.
  5994 | D:9      | Found a staircase to the Orcish Mines.
  6061 | D:9      | Reached skill level 13 in Unarmed Combat
  6407 | D:9      | Reached **** piety under Elyvilon
  6407 | D:9      | Noticed a two-headed ogre
  6612 | D:9      | Noticed a manticore
  6614 | D:9      | Killed a two-headed ogre
  6774 | D:9      | Reached XP level 11. HP: 64/95 MP: 15/15
  6842 | D:9      | Found a bloodstained altar of Trog.
  6891 | D:9      | Found a staircase to the Lair.
  6920 | D:9      | Found an ancient bone altar of Kikubaaqudgha.
  7207 | D:10     | Entered Level 10 of the Dungeon
  7261 | D:10     | Found Womaff's Armour Shop.
  7281 | D:10     | Reached skill level 14 in Unarmed Combat
  7319 | D:10     | Noticed a sun demon
  7392 | D:10     | Found a sacrificial altar of Ru.
  7490 | D:10     | Found Vaosoi's Distillery.
  7661 | D:10     | Noticed a tengu warrior
  7673 | D:10     | Noticed a fire crab
  7682 | D:10     | Killed a tengu warrior
  7683 | D:10     | Reached skill level 5 in Fighting
  7799 | D:10     | Found Li Ji's Dragon-Slaying Spoils.
  8007 | D:10     | Noticed an orc knight
  8072 | D:10     | You fall into a shaft and drop 2 floors!
  8073 | D:12     | Reached ***** piety under Elyvilon
  8337 | D:10     | Noticed an orb spider
  8353 | D:10     | Killed an orb spider
  8354 | D:10     | Reached skill level 15 in Unarmed Combat
  8384 | D:10     | Noticed an orc knight
  8469 | D:10     | Elyvilon protects you from harm!
  8494 | D:10     | Killed from afar by an electric eel

Illustrated notes

Levels and vault maps discovered:
D:1:      lightli_arrival_windingriver, layout_basic,
          hellmonk_ecumenical_altar_dog_temple
D:2:      layout_rooms
D:3:      layout_rooms, nemelex_altar_shiori, minmay_bisected
D:4:      layout_loops_ring, nicolae_elyvilon_peaceful_grove, uniq_ijyb
D:5:      layout_rooms
D:6:      kennysheep_six_static_rooms, layout_rooms,
          grunt_temple_overflow_champion_of_chaos, serial_shops,
          nicolae_shop_stone, minivault_19, grunt_ministairs_14,
          kennysheep_generic_room_14
D:7:      layout_basic, mainiacjoe_overflow_paths, minmay_temple_entry_fiery,
          chequers_serial_rivers_micro_e
D:8:      layout_loops_cross, nicolae_overflow_crystal_walls,
          fedhas_bush_and_centaur_altar, gammafunk_temple_overflow_statue,
          grunt_dithmenos_shadows, special_room [special_room_kobold],
          uniq_harold
D:9:      layout_roguey [special_room_orc], mainiacjoe_overflow_six_doors_small,
          lightli_temple_of_fire, lair_entry_dummy, erik_orc_1,
          minmay_strange_pillars, minmay_misc_feat_iff
D:10:     layout_cave_pods, mainiacjoe_overflow_brackets, serial_shops,
          shop_fountains, nrook_loot_triangle, nicolae_shop_dragon_depot,
          minmay_shop_grid_forest, kennysheep_donut,
          minmay_fractal_squares_gapless_7
D:11:     layout_basic
D:12:     layout_rooms, uniq_maurice

Skill      XL: |  1  2  3  4  5  6  7  8  9 10 11 |
---------------+----------------------------------+-----
Unarmed Combat | 1 2 3 4 5 7 9 11 13 15 | 15.0
Fighting       | 1 2 3 4 5 |  5.3
Stealth        | 2 |  2.0
Spellcasting   | 2 3 |  3.7
Hexes          | 3 4 |  4.4
Short Blades   | |  0.7
Dodging        | |  1.5

Action                   |  1- 3 |  4- 6 |  7- 9 | 10-12 || total
-------------------------+-------+-------+-------+-------++-------
Melee: Dagger            |    13 |       |       |       ||    13
       Unarmed           |   139 |   163 |   284 |   375 ||   961
       Punch             |       |     2 |     6 |    16 ||    24
 Cast: Confusing Touch   |       |       |       |     3 ||     3
  Use: Scroll            |       |       |     9 |     3 ||    12
       Potion            |       |       |     1 |     1 ||     2
 Stab: Sleeping          |     4 |     2 |     5 |     1 ||    12
       Distracted        |       |       |     1 |       ||     1
       Confused          |       |       |       |     2 ||     2
Armor: Robe              |    71 |    72 |    46 |    46 ||   235
Dodge: Dodged            |    89 |    82 |   100 |   104 ||   375

Table legend: (Time is in decaauts)
 A = Elapsed time spent in this place.
 B = Non-inter-level travel time spent in this place.
 C = Inter-level travel time spent in this place.
 D = Time resting spent in this place.
 E = Time spent auto-exploring this place.
 F = Levels seen in this place.
 G = Mean time per level.
                   A        B        C        D        E       F      G
               +--------+--------+--------+--------+--------+-----+--------+
         Total |   8352 |   8004 |    348 |      0 |   5847 |  12 |  696.0 |
       Dungeon |   8352 |   8004 |    348 |      0 |   5847 |  12 |  696.0 |
               +--------+--------+--------+--------+--------+-----+--------+

Top non-repeatable levels by time:
     D:9: 1429 daAuts
     D:7: 1068 daAuts
    D:10: 983 daAuts
     D:8: 874 daAuts
     D:1: 809 daAuts
     D:6: 792 daAuts
     D:4: 725 daAuts
     D:3: 535 daAuts
     D:5: 514 daAuts
     D:2: 422 daAuts
    D:11: 103 daAuts
    D:12: 92 daAuts
